 Dungeon Crawl Stone Soup version 0.18.1-50-g88ac8fd (webtiles) character file.

512 spiff the Ruffian (level 6, -6/63 HPs)
             Began as a Troll Warper on Oct 19, 2016.
             Mangled by a wraith (9 damage)
             ... in an ossuary.
             The game lasted 00:08:55 (2746 turns).

spiff the Ruffian (Troll Warper)                    Turns: 2746, Time: 00:08:56

Health: -6/63      AC:  6    Str: 20    XL:     6   Next: 99%
Magic:  6/6        EV: 10    Int:  9    God:
Gold:   176        SH:  0    Dex: 11    Spells: 2 memorised, 4 levels left

rFire  . . .     SeeInvis .       - Unarmed
rCold  . . .     Gourm    +     a - +1 robe
rNeg   . . .     Faith    .     (no shield)
rPois  .         Spirit   .     (helmet restricted)
rElec  .         Dismiss  .     (no cloak)
rCorr  .         Reflect  .     (gloves unavailable)
SustAt .         Harm     .     (boots unavailable)
MR     +....                    (no amulet)
Stlth  +.........               (no ring)
                                n - ring of protection from magic

@: slowed, very slow, somewhat resistant to hostile enchantments, very
unstealthy
A: unfitting armour, claws 3, fast metabolism 3, gourmand, regeneration 2,
shaggy fur 1, tough skin 2
a: no special abilities


You were in an ossuary.
You were full.

You visited 1 branch of the dungeon, and saw 4 of its levels.
You also visited: Ossuary.

You collected 176 gold pieces.

Inventory:

Missiles
 d - 5 tomahawks of dispersal (quivered)
Armour
 a - a +1 robe (worn)
 t - a +2 large shield
Jewellery
 n - a ring of protection from magic (left claw)
 u - an uncursed ring of ice
Scrolls
 c - 4 scrolls of blinking
 p - 3 scrolls of remove curse
 r - a scroll of fear
 v - 2 scrolls of enchant weapon
Potions
 e - 4 potions of brilliance
 g - a potion of beneficial mutation {unknown}
 i - a potion of magic {unknown}
 j - a potion of haste {unknown}
 k - 2 potions of heal wounds {unknown}
 o - a potion of lignification {unknown}
 s - 3 potions of curing {unknown}
Books
 b - a book of Spatial Translocations

   Spells                             Type                      Level
   a - Apportation                    Translocation                1
   b - Blink                          Translocation                2
   c - Shroud of Golubria             Charms/Translocation         2
   d - Portal Projectile              Translocation                3
   e - Teleport Other                 Translocation                3
   f - Passage of Golubria            Translocation                4
Comestibles
 f - 6 bread rations
 l - 2 slices of pizza
 m - a beef jerky
 q - a meat ration


   Skills:
 + Level 4.6 Fighting
 - Level 0.8 Throwing
 - Level 1.9 Dodging
 + Level 5.4 Unarmed Combat
 - Level 1.2 Spellcasting
 - Level 2.1 Translocations


You had 4 spell levels left.
You knew the following spells:

 Your Spells              Type           Power        Failure   Level  Hunger
a - Apportation           Tloc           #.........   14%         1    ##.....
b - Blink                 Tloc           N/A          21%         2    ###....


Dungeon Overview and Level Annotations

Branches:
Dungeon (4/15)
 Temple: D:4-7

Altars:
Kikubaaqudgha
Qazlal
Ru
Vehumet
The Shining One


Innate Abilities, Weirdness & Mutations

You are too large for most types of armour.
You have claws for hands.
Your metabolism is lightning-fast.
You like to eat raw meat.
You heal very quickly.
You are covered in fur (AC +1).
You have very tough skin (AC +2).


Message History

Drink which item? (? for menu, Esc to quit)
Okay, then.
You barely miss the wraith.
The wraith is almost destroyed.
The wraith closely misses you. The wraith barely misses you.
You closely miss the wraith.
The wraith is almost destroyed.
The wraith hits you.
* * * LOW HITPOINT WARNING * * *
You scratch the wraith.
The wraith is almost destroyed.
The wraith closely misses you.
You scratch the wraith.
The wraith is almost destroyed.
The wraith hits you!
* * * LOW HITPOINT WARNING * * *
The wraith drains your vigour!
You feel as though you will be slow longer.
The wraith hits you!
You die...

.'..#.'...#.'...8...'.#...+,*,,*
.'..####..####.....####..###*,,*
##..........................,,,*
##.............#.#..........,,,*
#..####.......#'#.......##**,,*
#..#.'....8...#.#...8....+,*,,*
#..####.......###.......##**,,*
#..........................,,,*
#........#.#..#@#..#.#.....,,,*
#..####..#'#..#W#..#+#..###*,,*
#..#.'...#.#..#?#..#,*,..+,*,,*
#..####..###..###..#**,.##**,,*
#...................,,,,,,,,,,*
#....................,,,,,,,,,*
#####################**********


You could see a wraith.

Vanquished Creatures
  An ogre (D:4)
  2 hounds (D:4)
  An orc wizard (D:3)
  Ijyb (D:2)
  2 worker ants (D:4)
  3 mummies (Ossuary)
  4 adders
  8 gnolls (D:2)
  An ooze (D:1)
  An adder skeleton (D:4)
  2 dart slugs
  6 worms
  A giant gecko (D:1)
  7 orcs
  5 bats
  7 giant cockroaches
  4 goblins
  6 hobgoblins
  11 jackals
  2 giant newts (D:2)
  3 gnoll zombies (Ossuary)
  2 goblin zombies (Ossuary)
  3 hobgoblin zombies (Ossuary)
  7 kobolds
  4 kobold zombies (Ossuary)
  A quokka skeleton (D:4)
  8 rats
103 creatures vanquished.

Notes
Turn   | Place    | Note
--------------------------------------------------------------
     0 | D:1      | spiff the Troll Warper began the quest for the Orb.
     0 | D:1      | Reached XP level 1. HP: 19/19 MP: 1/1
   275 | D:1      | Reached XP level 2. HP: 25/28 MP: 2/2
   301 | D:1      | Learned a level 2 spell: Blink
   840 | D:2      | Found a radiant altar of Vehumet.
   840 | D:2      | Noticed Ijyb
   857 | D:2      | Killed Ijyb
   857 | D:2      | Reached skill level 3 in Unarmed Combat
   857 | D:2      | Reached XP level 3. HP: 33/36 MP: 3/3
   874 | D:2      | Reached XP level 4. HP: 31/44 MP: 4/4
  1025 | D:2      | Found a sacrificial altar of Ru.
  1114 | D:2      | Reached XP level 5. HP: 15/53 MP: 5/5
  1237 | D:2      | Reached skill level 4 in Unarmed Combat
  1470 | D:2      | Found a stormy altar of Qazlal.
  1741 | D:3      | Found an ancient bone altar of Kikubaaqudgha.
  2150 | D:4      | Reached XP level 6. HP: 57/62 MP: 6/6
  2270 | D:4      | Found a glowing golden altar of the Shining One.
  2347 | D:4      | Reached skill level 5 in Unarmed Combat
  2487 | D:4      | Found a sand-covered staircase.
  2495 | Ossuary  | Entered an ossuary
  2495 | Ossuary  | Noticed a wraith
  2495 | Ossuary  | Noticed a wraith
  2495 | Ossuary  | Noticed a wraith
  2732 | Ossuary  | Noticed a wraith
  2746 | Ossuary  | HP: 3/63 [wraith (9)]
  2746 | Ossuary  | Mangled by a wraith

Skill      XL: |  1  2  3  4  5  6 |
---------------+-------------------+-----
Fighting       | 2 3 4 |  4.6
Unarmed Combat | 3 4 5 |  5.4
Throwing       | |  0.8
Dodging        | |  1.9
Spellcasting   | |  1.2
Translocations | |  2.1

Action                   |  1- 3 |  4- 6 || total
-------------------------+-------+-------++-------
Melee: Unarmed           |    90 |   265 ||   355
       Punch             |     1 |     3 ||     4
  Use: Scroll            |     3 |     8 ||    11
  Eat: Chunk             |     6 |    22 ||    28
Armor: Robe              |    22 |    93 ||   115
Dodge: Dodged            |    44 |   119 ||   163
